 Dungeon Crawl Stone Soup version 0.28-a0-667-g162e43154e (webtiles) character file.

Game seed: 2606751579328509882

17347 Conn the Arsonist (level 12, -2/74 HPs)
             Began as an Octopode Fire Elementalist on Oct 17, 2021.
             Was a Priest of Sif Muna.
             Slain by a cane toad (14 damage)
             ... on level 3 of the Lair of Beasts.
             The game lasted 00:45:22 (20061 turns).

Conn the Arsonist (Octopode Fire Elementalist)     Turns: 20061, Time: 00:45:22

Health: -2/74      AC:  1    Str:  8    XL:     12   Next: 47%
Magic:  28/33      EV: 14    Int: 22    God:    Sif Muna [***...]
Gold:   646        SH:  5    Dex: 12    Spells: 10/27 levels left

rFire   + + +      SeeInvis .   J - +10 long sword "Bigiydup" {spect, rF++}
rCold   . . .      Faith    .   (no shield)
rNeg    . . .      Spirit   .   (helmet restricted)
rPois   .          Reflect  +   d - amulet of reflection
rElec   .          Harm     .   b - ring of resist corrosion
rCorr   +          Rampage  .   g - ring of magical power
Will    .....                   w - ring of protection from cold
Stlth   ++++......              B - ring of fire
HPRegen 0.22/turn               (no ring)
MPRegen 0.23/turn               (no ring)
                                (no ring)
                                (no ring)

@: no status effects
A: almost no armour, amphibious, 8 rings, camouflage 1, gelatinous body 1,
(nimble swimmer 1), tentacles
a: Renounce Religion, Channel Magic, Forget Spell


You were on level 3 of the Lair of Beasts.
You worshipped Sif Muna.
Sif Muna was most pleased with you.
You visited 3 branches of the dungeon, and saw 15 of its levels.

You collected 738 gold pieces.
You spent 92 gold pieces at shops.

Inventory:

Hand Weapons
 t - a +2 short sword of electrocution
 J - the +10 long sword "Bigiydup" (weapon) {spect, rF++}
   (You found it on level 1 of the Lair of Beasts)

   When its wielder attacks, the weapon's spirit leaps out and strikes again.
   The spirit shares a part of any damage it takes with its wielder.
   rF:        It greatly protects you from fire.
Missiles
 m - 51 poisoned darts (quivered)
Armour
 f - a +3 kite shield of reflection
Magical Staves
 F - a staff of cold
Jewellery
 b - a ring of resist corrosion (left tentacle)
 d - an amulet of reflection (around mantle)
 g - a ring of magical power (right tentacle)
 h - an amulet of regeneration
 p - an amulet of the acrobat
 w - a ring of protection from cold (on tentacle)
 B - a ring of fire (on tentacle)
Wands
 y - a wand of digging (6)
 D - a wand of charming (14)
 E - a wand of flame (20)
 M - a wand of paralysis (9)
Scrolls
 i - 7 scrolls of fear
 q - 2 scrolls of holy word
 r - 8 scrolls of teleportation
 v - a scroll of vulnerability
 H - 6 scrolls of identify
Potions
 a - 4 potions of flight
 c - 6 potions of mutation
 j - 6 potions of curing
 k - 2 potions of attraction
 l - 4 potions of lignification {unknown}
 o - 2 potions of haste
 s - a potion of magic
 z - a potion of might
 N - a potion of cancellation {unknown}


   Skills:
 + Level 4.2 Fighting
 + Level 3.9(4.0) Short Blades
 + Level 0.6(2.5) Long Blades
 + Level 2.7 Polearms
 + Level 0.2 Throwing
 + Level 5.0 Dodging
 + Level 7.1 Stealth
 + Level 3.2 Shields
 + Level 8.4 Spellcasting
 * Level 9.9 Conjurations
 + Level 3.0 Hexes
 + Level 0.8 Translocations
 * Level 11.3 Fire Magic


You had 10 spell levels left.
You knew the following spells:

 Your Spells              Type           Power      Damage    Failure   Level
a - Foxfire               Conj/Fire      100%       2x1d9     1%          1
b - Conjure Flame         Conj/Fire      71%        6-21      1%          3
c - Inner Flame           Hex/Fire       57%        N/A       1%          3
d - Flame Wave            Conj/Fire      71%        3d12      1%          4
e - Scorch                Fire           100%       2d10      1%          2
f - Iskenderun's Mystic   Conj/Tloc      33%        2d8       8%          4

Your spell library contained the following spells:

 Spells                   Type           Power      Damage    Failure   Level
 Dazzling Flash           Conj/Hex       74%        N/A       1%          3
 Freeze                   Ice            36%        1d6       7%          1
 Blink                    Tloc           N/A        N/A       8%          2
 Hailstorm                Conj/Ice       31%        3d8       9%          4
 Corpse Rot               Necr/Air       N/A        N/A       11%         2
 Poisonous Vapours        Pois/Air       18%        N/A       11%         2
 Starburst                Conj/Fire      35%        6d10      14%         6
 Gell's Gravitas          Tloc           6%         N/A       16%         3
 Lesser Beckoning         Tloc           12%        N/A       16%         3
 Teleport Other           Tloc           12%        N/A       16%         3
 Frozen Ramparts          Ice            18%        1d3       22%         3
 Dispel Undead            Necr           9%         3d8       56%         4
 Manifold Assault         Tloc           12%        N/A       82%         5
 Death Channel            Necr           4%         N/A       100%        6
 Dispersal                Tloc           6%         N/A       100%        6
 Summon Cactus Giant      Summ           4%         N/A       100%        6


Dungeon Overview and Level Annotations

Branches:
Dungeon (11/15)            Temple (1/1) D:5            Lair (3/6) D:8
  Snake (0/4) Lair:3
  Swamp: Lair:2-4    Shoals: Lair:2-4       Orc: D:9-12

Altars:
Ashenzari
Cheibriados
Dithmenos
Elyvilon
Fedhas
Gozag
Hepliaklqana
Kikubaaqudgha
Makhleb
Nemelex Xobeh
Okawaru
Qazlal
Ru
Sif Muna
Trog
Uskayaw
Vehumet
Wu Jian
Xom
Yredelemnul
Zin
The Shining One

Shops:
D:5 *

Annotations:
D:6 Grinder


Innate Abilities, Weirdness & Mutations

You cannot wear most types of armour.
You are amphibious.
You can wear up to eight rings at the same time.
Your skin changes colour to match your surroundings (Stealth+).
Your rubbery body absorbs attacks. (AC +1, EV +1)
((You are camouflaged near water. (Stealth+)))
You have tentacles for arms and can constrict up to eight enemies at once.


Message History

Your foxfire dissipates!
You hear the deafening beating of a very distant drum.
A cane toad comes into view.
Found a stone staircase leading up.
Casting: Foxfire (safe; 1% risk of failure)
Confirm with . or Enter, or press ? or * to list all spells.
Aiming: Inner Flame (safe; 1% risk of failure)
Press: ? - help, Shift-Dir - straight line, f - cane toad
Aim: a cane toad (chance to affect: 95%)
You feel a surge of power!
The cane toad is filled with an inner flame.
Unknown command.
Casting: Inner Flame (safe; 1% risk of failure)
Confirm with . or Enter, or press ? or * to list all spells.
You feel a surge of power!
You conjure some foxfire!
Unknown command.
Casting: Foxfire (safe; 1% risk of failure)
Confirm with . or Enter, or press ? or * to list all spells.
You feel a surge of power!
You conjure some foxfire!
The foxfire hits the cane toad but does no damage.
The foxfire hits the cane toad.
Flame seeps out of the cane toad.
The cane toad is lightly wounded.
The cane toad is engulfed in blazing flames.
Flame seeps out of the cane toad.
The foxfire hits the cane toad.
Flame seeps out of the cane toad.
The cane toad is heavily wounded.
The foxfire hits the cane toad.
Flame seeps out of the cane toad.
The cane toad is heavily wounded.
The cane toad is engulfed in blazing flames.
Flame seeps out of the cane toad.
The cane toad stings you!!
* * * LOW HITPOINT WARNING * * *
You are lethally poisoned!
The cane toad poisons you!
You feel much better.
* * * LOW HITPOINT WARNING * * *
You feel very sick. The cane toad stings you!
* * * LOW HITPOINT WARNING * * *
You feel better. The cane toad stings you!
You die...

...... #.......[.....
...... #####.........#...
......##.##..#...........
......#..................
.....................(...
..........##.#...........
.............#.......P...
.P....°....#.#...........
.......F@....#P.#†.......
...........P.#...........
.............##..........
...........P.#...........
.........................
.........................
##.....<....#..#.........
#............###........
### #........


You could see a cane toad (inner flame).

Vanquished Creatures
  Fannar (D:10)
  2 two-headed ogres
  Pikel (D:6)
  A lindwurm (Lair:2)
  4 black mambas
  3 komodo dragons
  A cane toad (Lair:1)
  A gargoyle (D:10)
  An unseen horror (D:11)
  Psyche (D:8)
  4 trolls
  A polar bear (Lair:3)
  Sigmund (D:6)
  2 shadows (D:11)
  2 wyverns
  7 yaks
  Eustachio (D:4)
  4 basilisks
  9 water moccasins
  Duvessa (D:7)
  An acid dragon (D:11)
  7 orc warriors
  3 sky beasts
  3 ice beasts
  4 black bears
  3 wolves (Lair:3)
  A necrophage (D:5)
  2 ogres
  5 centaurs
  3 lemures (D:6)
  A kobold brigand (D:6)
  4 bullfrogs
  A wyvern skeleton (D:6)
  Dowan (D:7)
  3 scorpions
  2 water moccasin skeletons
  8 wights
  10 killer bees
  10 electric eels
  4 howler monkeys
  6 centaur zombies
  A bullfrog skeleton (D:6)
  2 centaur skeletons (D:7)
  2 hounds
  Crazy Yiuf (D:5)
  5 gnoll shamans
  9 orc priests
  An iguana (D:7)
  5 orc wizards
  2 killer bee zombies (D:7)
  A hound zombie (D:5)
  2 howler monkey zombies
  18 gnolls
  5 adders
  A howler monkey skeleton (D:7)
  2 shadow imps
  2 white imps
  3 ufetubi (D:5)
  2 adder skeletons (D:5)
  3 worms
  2 dart slugs
  37 orcs
  6 endoplasms
  2 giant cockroaches
  9 goblins
  4 hobgoblins
  11 jackals
  5 quokkas
  6 ball pythons
  6 bats
  3 frilled lizards (D:3)
  18 kobolds
  6 rats
312 creatures vanquished.

Vanquished Creatures (collateral kills)
  7 foxfires
7 creatures vanquished.

Vanquished Creatures (others)
  A two-headed ogre (D:11)
  882 foxfires
  3 fungi (D:5)
  24 plants
910 creatures vanquished.

Grand Total: 1229 creatures vanquished

Notes
Turn   | Place    | Note
-------+----------+-------------------------------------------
     0 | D:1      | Conn the Octopode Fire Elementalist began the quest for the
                  | Orb.
     0 | D:1      | Reached XP level 1. HP: 11/11 MP: 3/3
   207 | D:1      | Found a faded altar of an unknown god.
   357 | D:1      | Reached XP level 2. HP: 17/17 MP: 0/5
   984 | D:1      | Reached XP level 3. HP: 15/21 MP: 6/6
  1657 | D:2      | Reached skill level 1 in Short Blades
  1664 | D:2      | Reached XP level 4. HP: 4/27 MP: 7/7
  2048 | D:2      | Found a hide-covered altar of Uskayaw.
  2539 | D:3      | Reached XP level 5. HP: 19/32 MP: 9/9
  2561 | D:3      | Reached skill level 1 in Polearms
  2855 | D:2      | Learned a level 3 spell: Conjure Flame
  2859 | D:2      | Learned a level 3 spell: Inner Flame
  3107 | D:3      | Reached skill level 1 in Fighting
  3894 | D:4      | Noticed an ogre
  3943 | D:4      | Killed an ogre
  3944 | D:4      | Reached XP level 6. HP: 30/38 MP: 10/10
  4119 | D:4      | Found an iron altar of Okawaru.
  4256 | D:4      | Noticed Eustachio
  4279 | D:4      | Killed Eustachio
  4280 | D:4      | Reached skill level 5 in Stealth
  4280 | D:4      | Reached XP level 7. HP: 24/43 MP: 11/11
  4541 | D:4      | Reached skill level 1 in Hexes
  4847 | D:4      | Reached skill level 4 in Fire Magic
  4994 | D:5      | Entered Level 5 of the Dungeon
  4996 | D:5      | Found a staircase to the Ecumenical Temple.
  5014 | Temple   | Entered the Ecumenical Temple
  5280 | D:5      | Found Itzo Vue's Assorted Antiques.
  5294 | D:5      | Bought a tapered bone wand for 92 gold pieces
  5833 | D:5      | Reached XP level 8. HP: 14/50 MP: 13/13
  6304 | D:5      | Found a runed translucent door.
  6305 | D:5      | Noticed Crazy Yiuf
  6322 | D:5      | Killed Crazy Yiuf
  6474 | D:6      | Noticed Grinder
  6481 | D:6      | Paralysed by Grinder for 6 turns
  6963 | D:6      | Learned a level 4 spell: Flame Wave
  6966 | D:6      | Learned a level 2 spell: Scorch
  7043 | D:6      | Reached skill level 1 in Shields
  7043 | D:6      | Reached skill level 5 in Fire Magic
  7429 | D:6      | Noticed Pikel
  7443 | D:6      | HP: 1/51 [lemure[Pikel] (10)]
  7447 | D:6      | Killed Pikel
  7448 | D:6      | Reached XP level 9. HP: 8/56 MP: 7/15
  7757 | D:6      | Reached skill level 6 in Fire Magic
  8000 | D:6      | HP: 1/57 [spore (45)]
  8399 | D:6      | Noticed Sigmund
  8406 | D:6      | Killed Sigmund
  8407 | D:6      | Reached skill level 5 in Conjurations
  8991 | D:6      | Found a sacrificial altar of Ru.
  8997 | D:6      | Reached skill level 5 in Spellcasting
  9785 | D:7      | Identified the +1 robe of the Seven of Pentacles {Stlth+}
  9820 | D:7      | Reached skill level 7 in Fire Magic
  9836 | D:7      | Found a shimmering blue altar of Sif Muna.
  9844 | D:7      | Became a worshipper of Sif Muna the Loreminder
 10234 | D:7      | Reached XP level 10. HP: 42/63 MP: 12/18
 10663 | D:7      | Noticed Duvessa
 10670 | D:7      | Noticed Dowan
 10716 | D:7      | Learned a level 4 spell: Iskenderun's Mystic Blast
 10731 | D:7      | Killed Duvessa
 10736 | D:7      | Killed Dowan
 11051 | D:8      | Reached * piety under Sif Muna
 11095 | D:8      | Reached skill level 8 in Fire Magic
 11406 | D:8      | Noticed a two-headed ogre
 11417 | D:8      | Killed a two-headed ogre
 11691 | D:8      | Noticed Psyche
 11700 | D:8      | Killed Psyche
 12135 | D:8      | Found a staircase to the Lair.
 12578 | D:9      | Reached skill level 9 in Fire Magic
 12714 | D:9      | Reached XP level 11. HP: 68/68 MP: 21/21
 12929 | D:9      | Reached ** piety under Sif Muna
 13203 | D:9      | Found a white marble altar of Elyvilon.
 13315 | D:9      | Found a hazy altar of Hepliaklqana.
 13664 | D:10     | Entered Level 10 of the Dungeon
 13915 | D:10     | Found a burning altar of Makhleb.
 14000 | D:10     | Noticed a fire dragon
 14636 | D:10     | Noticed Fannar
 14658 | D:10     | Killed Fannar
 14659 | D:10     | Reached skill level 10 in Fire Magic
 14841 | D:10     | Found a hide-covered altar of Uskayaw.
 16069 | D:11     | Noticed a two-headed ogre
 16077 | D:11     | Killed a two-headed ogre
 16118 | D:11     | Noticed a two-headed ogre
 16130 | D:11     | Killed a two-headed ogre
 16988 | Lair:1   | Entered Level 1 of the Lair of Beasts
 17048 | Lair:1   | Reached XP level 12. HP: 68/74 MP: 24/24
 17106 | Lair:1   | Identified the +10 long sword "Bigiydup" {spect, rF++}
 17796 | Lair:1   | Reached skill level 5 in Dodging
 19101 | Lair:2   | Reached skill level 11 in Fire Magic
 19130 | Lair:2   | Reached *** piety under Sif Muna
 19642 | Lair:3   | Found a staircase to the Snake Pit.
 19657 | Lair:3   | HP: 3/74 [poisoned by a naga (splash of poison)]
 19979 | Lair:3   | Identified 2 scrolls of acquirement
 19979 | Lair:3   | Acquired a book of Spatial Translocations
 19981 | Lair:3   | Acquired a +2 kite shield of reflection
 20059 | Lair:3   | HP: 3/74 [cane toad (19)]
 20061 | Lair:3   | Slain by a cane toad

Illustrated notes

Levels and vault maps discovered:
D:1:      nagdon_arrival_double_spiral, layout_basic,
          ebering_ecumenical_altar_abandoned, minmay_misc_feat_plants
D:2:      kennysheep_six_static_rooms, layout_loops_ring, basic_altar,
          hangedman_decor_riveting, grunt_ministairs_11, hex_large
D:3:      layout_basic, lexackson_kobold_supper
D:4:      cheibrodos_old_hovel, layout_cave_pods, okawaru_altar_gauntlet_db,
          uniq_eustachio
D:5:      minmay_diamond_boxcup, layout_cave_pools,
          minmay_temple_entry_offerings, serial_shops, nicolae_diamond_shop,
          uniq_crazy_yiuf_cottage
D:6:      layout_layer_cave, lemuel_tele_altar, glass_columns_c,
          water_maze_lemuel, uniq_sigmund, uniq_pikel, uniq_grinder
D:7:      minmay_recursive_quarters, layout_rooms,
          lemuel_coloured_pillars_altar, st_stairs_14, minmay_misc_feat_iff,
          uniq_duvessa
D:8:      layout_basic, david_lair_generic, hangedman_decor_points, uniq_psyche
D:9:      layout_long_grid, mainiacjoe_overflow_alcove_4, elyvilon_altar_3
D:10:     dragon1_lemuel, layout_stronghold, mainiacjoe_overflow_catch_the_wave,
          uniq_fannar
D:11:     layout_basic, grunt_ministairs_6, serial_bayou_pond_c,
          hangedman_decor_growths, lemuel_flamethrower_2
Temple:   regret_index_temple_waves
Lair:1:   layout_small_grid, disabler_island
Lair:2:   layout_hall_layers
Lair:3:   layout_gridlike, skrybe_swamp_entry_bodies,
          guppyfry_snake_entry_garden, portal_ice_cave_entry_pillars_1,
          gauntlet_entry_generic, serial_bayou_shore_a

Skill      XL: |  1  2  3  4  5  6  7  8  9 10 11 12 |
---------------+-------------------------------------+-----
Stealth        | 3 4 5 6 7 |  7.1
Short Blades   | 1 2 3 |  3.9
Conjurations   | 2 4 5 7 9 |  9.9
Polearms       | 2 |  2.7
Fighting       | 1 2 3 4 |  4.2
Spellcasting   | 3 4 5 6 8 |  8.4
Hexes          | 1 2 3 |  3.0
Fire Magic     | 4 5 7 9 10 11 | 11.3
Dodging        | 3 4 5 |  5.0
Shields        | 2 3 |  3.2
Long Blades    | |  0.6
Throwing       | |  0.2
Translocations | |  0.8

Action                   |  1- 3 |  4- 6 |  7- 9 | 10-12 || total
-------------------------+-------+-------+-------+-------++-------
Melee: Unarmed           |     2 |       |       |       ||     2
       Dagger            |    25 |       |       |       ||    25
       Constrict         |     7 |    20 |    11 |     9 ||    47
       Tentacles         |     3 |    14 |    16 |    13 ||    46
       Spear             |       |    85 |       |       ||    85
       Short sword       |       |    17 |    12 |       ||    29
       Rapier            |       |       |    50 |    38 ||    88
       Long sword        |       |       |       |    20 ||    20
Throw: Throwing net      |       |       |     1 |     2 ||     3
 Cast: Foxfire           |    42 |    42 |   112 |   321 ||   517
       Inner Flame       |       |     2 |    10 |    22 ||    34
       Flame Wave        |       |       |    19 |    35 ||    54
       Scorch            |       |       |     2 |    22 ||    24
       Conjure Flame     |       |       |     2 |     6 ||     8
       Iskenderun's Myst |       |       |       |     4 ||     4
  Use: Potion            |       |     5 |     4 |     5 ||    14
       Scroll            |       |       |     8 |    13 ||    21
 Stab: Sleeping          |     6 |    13 |     3 |    11 ||    33
Armor: Skin              |     1 |     6 |    17 |     4 ||    28
Dodge: Dodged            |    13 |    82 |   112 |    86 ||   293
Block: Other             |     2 |    15 |    39 |    31 ||    87
       Reflection        |       |     1 |     3 |       ||     4

Table legend: (Time is in decaauts)
 A = Elapsed time spent in this place.
 B = Non-inter-level travel time spent in this place.
 C = Inter-level travel time spent in this place.
 D = Time resting spent in this place.
 E = Time spent auto-exploring this place.
 F = Levels seen in this place.
 G = Mean time per level.
                   A        B        C        D        E       F      G
               +--------+--------+--------+--------+--------+-----+--------+
         Total |  20079 |  19693 |    386 |   2519 |  13566 |  15 | 1338.6 |
       Dungeon |  16873 |  16565 |    308 |   1812 |  11737 |  11 | 1533.9 |
        Temple |    125 |     72 |     53 |      0 |     51 |   1 |  125.0 |
          Lair |   3079 |   3054 |     25 |    707 |   1778 |   3 | 1026.3 |
               +--------+--------+--------+--------+--------+-----+--------+

Top non-repeatable levels by time:
     D:6: 2995 daAuts
     D:8: 1758 daAuts
    D:11: 1735 daAuts
     D:2: 1580 daAuts
    D:10: 1563 daAuts
     D:7: 1522 daAuts
  Lair:2: 1437 daAuts
  Lair:1: 1423 daAuts
     D:5: 1296 daAuts
     D:4: 1223 daAuts
     D:1: 1223 daAuts
     D:9: 1002 daAuts
     D:3: 971 daAuts
  Lair:3: 218 daAuts
  Temple: 125 daAuts
